 Dungeon Crawl Stone Soup version 0.31-a0-202-g547052bce9 (webtiles) character file.

Game seed: 10177651975520917147

44 qw the Shooter (level 3, -6/20 HPs)
             Began as a Deep Elf Hunter on June 26, 2023.
             Mangled by Sigmund
             ... wielding a +0 scythe
              (7 damage)
             ... on level 3 of the Dungeon.
             The game lasted 00:00:27 (1355 turns).

qw the Shooter (Deep Elf Hunter)                    Turns: 1355, Time: 00:00:28

Health: -6/20      AC:  3    Str: 10    XL:     3   Next: 39%
Magic:  5/5        EV: 12    Int: 13    God:
Gold:   103        SH:  0    Dex: 18    Spells: 2/2 levels left

rFire   . . .        b - +2 arbalest (drain)
rCold   . . .        (shield currently unavailable)
rNeg    . . .        c - +0 leather armour
rPois   .            (no helmet)
rElec   .            (no cloak)
rCorr   .            (no gloves)
SInv    .            (no boots)
Will    .....        (no amulet)
Stlth   +            (no ring)
HPRegen 0.23/turn    (no ring)
MPRegen 0.09/turn

%: no passive effects
@: confused
A: no striking features
a: no special abilities


You were on level 3 of the Dungeon.
You visited 1 branch of the dungeon, and saw 3 of its levels.

You collected 103 gold pieces.


   Skills:
 - Level 1.5 Fighting
 + Level 7.0 Ranged Weapons
 - Level 2.4 Dodging
 - Level 1.2 Stealth


You had 2 spell levels left.
You didn't know any spells.
Your spell library was empty.

Inventory:

Hand Weapons
 b - a +2 arbalest of draining (weapon)
Armour
 c - a +0 leather armour (worn)
 g - a +0 pair of boots
Scrolls
 a - a scroll of identify
Potions
 d - a potion of might {unknown}
 e - a potion of attraction {unknown}
 f - a potion of mutation {unknown}

Dungeon Overview and Level Annotations

Branches:
Dungeon (3/15)

Altars:

Annotations:
D:3 Sigmund


Message History

Waypoint 2 assigned to D:3.
g - a +0 pair of boots
Found 4 poisoned darts.
Found 4 stones.
Sigmund and an endoplasm come into view.
Sigmund is wielding a +0 scythe and wearing a +2 robe of cold resistance.
Sigmund shouts!
The endoplasm quivers.
You shoot a bolt. The bolt barely misses the endoplasm.
The bolt closely misses Sigmund.
You shoot a bolt. The bolt hits the endoplasm.
The endoplasm is heavily wounded.
Sigmund mumbles some strange words.
Sigmund flickers and vanishes!
Deactivating autopickup; reactivate with Ctrl-A.
You shoot a bolt. The bolt hits the endoplasm!
You kill the endoplasm!
You shoot a bolt.
A ball python comes into view.
You shoot a bolt.
The bolt closely misses the ball python.
The ball python hisses angrily.
You shoot a bolt.
The bolt closely misses the ball python.
You shoot a bolt. The bolt hits the ball python!
You kill the ball python!
Something hits you!
Your Ranged Weapons skill increases to level 7!
You shoot a bolt. Something hits you but does no damage.
You shoot a bolt. Something hits you.
You shoot a bolt.
You hear some strange, mumbled words.
You are confused.
You shoot a bolt. Something hits you!
You shoot a bolt. Something hits you!
You die...

..#. ...# .... ...
#...# .. #...##.#
#.#....## ..#.{...
#.#...# #.#.@.#
#....#.###.#...##.##
#....#...........(..
#....#.#####...###(.
#...... #.##.#
#....# ###.##.##..
#....###.........#
#....##....##..##.
#......#..# ..#


There were no monsters in sight!

Vanquished Creatures
  7 endoplasms
  A giant cockroach (D:1)
  3 goblins
  2 hobgoblins (D:1)
  7 jackals (D:1)
  5 kobolds
  3 quokkas
  A ball python (D:3)
  4 bats
  2 frilled lizards (D:1)
  A rat (D:1)
36 creatures vanquished.

Notes
Turn   | Place    | Note
-------+----------+-------------------------------------------
     0 | D:1      | qw the Deep Elf Hunter began the quest for the Orb.
     0 | D:1      | Reached XP level 1. HP: 12/12 MP: 3/3
     0 | D:1      | 0 ||| qw: Version: 0.3-a-22-g0ed2b0b
     0 | D:1      | 0 ||| qw: Game counter: 5958
     0 | D:1      | 0 ||| qw: Melee chars always use a shield: true
     0 | D:1      | 0 ||| qw: God list: Okawaru
     0 | D:1      | 0 ||| qw: Allow faded altars: false
     0 | D:1      | 0 ||| qw: Do Orc after clearing Dungeon:15 true
     0 | D:1      | 0 ||| qw: Do second Lair branch before Depths: true
     0 | D:1      | 0 ||| qw: Lair rune preference: random
     0 | D:1      | 0 ||| qw: Goals: Normal
     0 | D:1      | 0 ||| PLANNING D:1-11
   131 | D:1      | Reached skill level 6 in Ranged Weapons
   131 | D:1      | Reached XP level 2. HP: 16/16 MP: 4/4
   353 | D:1      | Found a faded altar of an unknown god.
   551 | D:1      | Reached XP level 3. HP: 20/20 MP: 5/5
   737 | D:1      | 737 ||| READING scroll labelled YZOIRGH KYUV.
   738 | D:1      | 738 ||| READING 2 scrolls labelled XAXOMA UNNYU.
   739 | D:1      | 739 ||| READING scroll labelled PAQYNIEBRE.
   742 | D:1      | 742 ||| READING 2 scrolls labelled JEF GUDEACKYT.
   743 | D:1      | 743 ||| DROPPING scroll of butterflies.
   744 | D:1      | 744 ||| DROPPING scroll of fog.
   745 | D:1      | 745 ||| DROPPING scroll of amnesia.
   920 | D:2      | Identified the +6 dagger "Tialit" {heavy, *Rage rC+ rN++
                  | Dex+3}
  1311 | D:2      | 1311 ||| READING scroll labelled EWNUDUF ITUMMO.
  1311 | D:2      | Identified a scroll of acquirement
  1311 | D:2      | 1311 ||| ACQUIRING +2 arbalest of draining
  1311 | D:2      | Acquired a +2 arbalest of draining
  1313 | D:2      | 1313 ||| SWAPPING to +2 arbalest of draining.
  1314 | D:2      | 1314 ||| DROPPING +0 shortbow.
  1343 | D:3      | Noticed Sigmund
  1351 | D:3      | Reached skill level 7 in Ranged Weapons
  1354 | D:3      | HP: 1/20 [something (9)]
  1355 | D:3      | Mangled by Sigmund

Levels and vault maps discovered:
D:1:      tarquinn_simple_flora_water_d, layout_basic,
          hellmonk_ecumenical_altar_dog_temple
D:2:      layout_loops_ring
D:3:      layout_rooms, gammafunk_ghost_grave, minmay_misc_feat_pillars,
          minmay_misc_feat_encased, hellmonk_guarded_unrand_hermit, uniq_sigmund

Skill      XL: |  1  2  3 |
---------------+----------+-----
Ranged Weapons | 6 7 |  7.0
Fighting       | |  1.5
Dodging        | |  2.4
Stealth        | |  1.2

Action                     || total
---------------------------++-------
   Fire: Shortbow          ||    89
         Arbalest          ||    12
    Use: Scroll            ||     5
 Armour: Leather armour    ||    11
  Dodge: Dodged            ||    32

Table legend:
 A = Non-vault XP
 B = Vault XP
 C = Vault XP percentage of total XP
 D = Non-vault monster count
 E = Vault monster count
 F = Vault count percentage of total count
                 A         B        C        D         E       F
            +---------+---------+-------+---------+---------+-------
      Total |      57 |       6 |   9.5 |      33 |       3 |   8.3
            +---------+---------+-------+---------+---------+-------
        D:1 |      39 |       6 |  13.3 |      22 |       3 |  12.0
        D:2 |      15 |       0 |   0.0 |       9 |       0 |   0.0
        D:3 |       3 |       0 |   0.0 |       2 |       0 |   0.0
            +---------+---------+-------+---------+---------+-------
